Ice Hogs vs Griffins

Created - Monday, October 26, 2015 at 00:46

Goals
1 2 3 T
Ice Hogs 0 1 0 1
Griffins 0 0 0 0
Shots
1 2 3 T
Ice Hogs 14 7 2 23
Griffins 5 4 9 18

1st period

No Goal

Penalties :
Peter Regin (GRG) for Hooking (Minor) at 3:33, Mike Angelidis (GRG) for Roughing (Minor) at 11:12, John McFarland (GRG) for Fighting (Major) at 13:41, Viktor Svedberg (RIH) for Fighting (Major) at 13:41, Viktor Svedberg (RIH) for instigated a fight (Minor) at 13:41, Viktor Svedberg (RIH) for instigated a fight (10 Minutes Misconduct) at 13:41

2nd period

1. Ice Hogs , Colin McDonald 2 (Travis Morin, Anton Volchenkov) at 6:54

Penalties :
Mark Mancari (GRG) for Fighting (Major) at 0:23, Jean-Philippe Cote (RIH) for Fighting (Major) at 0:23, Jean-Philippe Cote (RIH) for instigated a fight (Minor) at 0:23, Jean-Philippe Cote (RIH) for instigated a fight (10 Minutes Misconduct) at 0:23, Matt Frattin (GRG) for Holding (Minor) at 7:24, Mike Angelidis (GRG) for Diving (Minor) at 10:51, Seth Griffith (RIH) for Hooking (Minor) at 15:09

3rd period

No Goal

Penalties :
Scott Wilson (RIH) for Hooking (Minor) at 9:57, Matt Frattin (GRG) for Fighting (Major) at 18:59, Jean-Philippe Cote (RIH) for Fighting (Major) at 18:59

Goalie Stats

Yann Danis (RIH), 18 saves from 18 shots - (1.000), W, 6-3-1, 60:00 minutes
Anton Forsberg (GRG), 22 saves from 23 shots - (0.957), L, 1-6-2, 59:11 minutes

Players Stats for Ice Hogs

Player Name              G  A  P  +/- PIM S  H  SB GA TA FO     MP     PP MP  PK MP  
------------------------------------------------------------------------------------
Alexey Marchenko         0  0  0   0  0   5  0  0  1  3  0/0    24:19   4:45   5:12 
Anton Volchenkov         0  1  1   0  0   0  0  0  0  4  0/0    27:32   2:46   6:23 
Colin McDonald           1  0  1   1  0   1  3  1  9  1  0/1    13:09   3:55   0:00 
Derek Hulak              0  0  0   0  0   2  1  0  1  1  0/0    11:13   0:00   0:00 
Frank Corrado            0  0  0   1  0   1  1  1  2  0  0/0    21:12   2:32   2:44 
Jean-Philippe Cote       0  0  0   0  22  0  1  1  0  2  0/0    15:02   2:50   1:33 
Mathieu Brodeur          0  0  0   0  0   1  2  1  0  2  0/0    18:47   1:58   0:00 
Matt Fraser              0  0  0   1  0   1  1  0  2  1  1/2    14:48   4:01   0:24 
Oscar Lindberg           0  0  0   0  0   4  1  0  1  0  4/7    16:22   0:00   4:03 
Petr Straka              0  0  0   0  0   1  2  0  0  0  0/0    11:05   0:00   0:00 
Ryan Haggerty            0  0  0   0  0   2  1  0  0  1  0/0    11:13   0:00   0:00 
Scott Wilson             0  0  0   1  2   0  0  0  0  1  1/1    14:59   3:55   0:37 
Seth Griffith            0  0  0   0  2   1  1  1  4  0  0/0    18:12   4:01   2:52 
T.J. Tynan               0  0  0   0  0   1  2  0  1  0  2/6    11:13   0:00   0:00 
Tim Schaller             0  0  0   0  0   0  2  0  2  1  9/20   19:14   4:01   3:53 
Travis Morin             0  1  1   1  0   0  0  0  1  1  5/11   19:26   3:55   4:03 
Viktor Svedberg          0  0  0   0  17  2  2  0  0  0  0/0    12:58   1:01   0:00 
Will Acton               0  0  0   0  0   1  3  0  1  0  0/0    11:05   0:00   0:00 

Players Stats for Griffins

Player Name              G  A  P  +/- PIM S  H  SB GA TA FO     MP     PP MP  PK MP  
------------------------------------------------------------------------------------
Adam Payerl              0  0  0  -1  0   0  1  0  0  0  0/0     1:48   0:00   0:00 
Ben Eager                0  0  0   0  0   0  1  0  1  1  0/0    10:51   0:22   3:07 
Corey Trivino            0  0  0   0  0   0  1  0  1  0  0/1    11:40   1:04   1:04 
Dylan Reese              0  0  0   0  0   0  0  0  0  0  0/0     0:00   0:00   0:00 
Jared Staal              0  0  0   0  0   2  2  0  2  0  2/4    17:45   0:46   4:04 
John McFarland           0  0  0  -1  5   3  1  0  3  0  5/7    18:46   2:47   0:00 
Mark Alt                 0  0  0   0  0   1  2  0  0  2  0/0    24:21   4:38   5:33 
Mark Mancari             0  0  0  -1  5   4  1  0  3  3  2/5    22:50   3:03   4:34 
Matt Frattin             0  0  0   0  7   2  1  1  4  0  1/3    17:47   4:30   0:00 
Matt Taormina            0  0  0   0  0   0  1  2  0  3  0/0    24:21   4:38   5:33 
Mike Angelidis           0  0  0   0  4   2  2  0  2  1  2/3    22:57   3:04   0:33 
Mike Keenan              0  0  0  -1  0   0  2  0  0  1  0/0    16:47   0:00   0:00 
Peter Regin              0  0  0   0  2   1  1  0  4  2  14/24  24:42   4:46   2:30 
Robert Hagg              0  0  0   0  0   2  0  1  0  2  0/0    18:50   3:18   2:23 
Scott Valentine          0  0  0  -1  0   0  2  0  1  0  0/0    16:47   0:00   0:00 
Taylor Aronson           0  0  0   0  0   0  0  3  0  0  0/0    18:50   3:18   2:23 
William Nylander         0  0  0   0  0   1  1  1  3  0  0/0    19:20   3:26   0:00 
Zac Rinaldo              0  0  0   0  0   0  1  1  0  0  0/1     3:25   0:00   0:00 

3 Stars

1 - Yann Danis (RIH)
2 - Anton Forsberg (GRG)
3 - Colin McDonald (RIH)

Power Play

Ice Hogs - 0 on 4 Attempt(s) - 0.00%
Griffins - 0 on 4 Attempt(s) - 0.00%

Penalty Kill

Ice Hogs - 4 on 4 Attempt(s) - 100.00% - Score 0 goal in Penalty Kill
Griffins - 4 on 4 Attempt(s) - 100.00% - Score 0 goal in Penalty Kill

Team Stat

Ice Hogs - Hits : 23 - Faceoff Wins : 22 - Blocked Shots : 5 - Penalty Minutes : 43
Griffins - Hits : 20 - Faceoff Wins : 26 - Blocked Shots : 9 - Penalty Minutes : 23

Official

Referees : Unknown
Linesman : Unknown

Game Notes

Zac Rinaldo is injured at 9:09 of 1st period (Broken Right Index Finger)
John McFarland beats up Viktor Svedberg at 13:41 of 1st period
Mark Mancari beats up Jean-Philippe Cote at 0:23 of 2nd period
William Nylander is injured at 13:03 of 3rd period (Back Spasms)
Matt Frattin and Jean-Philippe Cote fight to a draw at 18:59 of 3rd period

Finance

Level 1 -- Attendance: 1519 (75.95%) -- Ticket Income $53,165
Level 2 -- Attendance: 805 (80.50%) -- Ticket Income $12,075
Total Attendance: 2324 (77.47%)
Total Ticket Income: $65,240
Other Income: $31,968
Total Income: $97,208

Ice Hogs

5 vs 5 Forward 
   Center                   Left Wing                Right Wing               Time % Phy DF OF 
 1 Tim Schaller             Matt Fraser              Seth Griffith            30     1   2  2  
 2 Travis Morin             Scott Wilson             Colin McDonald           25     1   2  2  
 3 Oscar Lindberg           Will Acton               Petr Straka              25     1   2  2  
 4 T.J. Tynan               Derek Hulak              Ryan Haggerty            20     1   2  2  

5 vs 5 Defense 
   Defense                  Defense                                           Time % Phy DF OF 
 1 Anton Volchenkov         Frank Corrado                                     30     1   2  2  
 2 Alexey Marchenko         Jean-Philippe Cote                                30     1   2  2  
 3 Viktor Svedberg          Mathieu Brodeur                                   30     1   2  2  
 4 Anton Volchenkov         Jean-Philippe Cote                                10     1   2  2  

PowerPlay Forward 
   Center                   Left Wing                Right Wing               Time % Phy DF OF 
 1 Tim Schaller             Matt Fraser              Seth Griffith            50     1   1  3  
 2 Travis Morin             Scott Wilson             Colin McDonald           50     1   1  3  

PowerPlay Defense
   Defense                  Defense                                           Time % Phy DF OF 
 1 Anton Volchenkov         Frank Corrado                                     50     0   2  3  
 2 Alexey Marchenko         Jean-Philippe Cote                                50     0   2  3  

Penalty Kill 4 Players Forward 
   Center                   Wing                     Time % Phy DF OF 
 1 Tim Schaller             Seth Griffith            50     1   3  1  
 2 Travis Morin             Oscar Lindberg           50     1   3  1  

Penalty Kill 4 Players Defense
   Defense                  Defense                  Time % Phy DF OF 
 1 Anton Volchenkov         Frank Corrado            50     1   4  0  
 2 Alexey Marchenko         Jean-Philippe Cote       50     1   4  0  

Penalty Kill - 3 Players Forward 
   Forward                                           Time % Phy DF OF 
 1 Colin McDonald                                    50     1   4  0  
 2 Tim Schaller                                      50     1   4  0  

Penalty Kill - 3 Players Defense
   Defense                  Defense                  Time % Phy DF OF 
 1 Anton Volchenkov         Frank Corrado            50     1   4  0  
 2 Alexey Marchenko         Jean-Philippe Cote       50     1   4  0  

4 vs 4 Forward 
   Center                   Wing                     Time % Phy DF OF 
 1 Oscar Lindberg           Petr Straka              50     1   2  2  
 2 Travis Morin             Colin McDonald           50     1   2  2  

4 vs 4 Defense
   Defense                  Defense                  Time % Phy DF OF 
 1 Viktor Svedberg          Mathieu Brodeur          50     1   2  2  
 2 Alexey Marchenko         Jean-Philippe Cote       50     1   2  2  

Last Minutes Offensive
   Center                   Left Wing                Right Wing               Defense                  Defense                  
   Tim Schaller             Matt Fraser              Colin McDonald           Jean-Philippe Cote       Frank Corrado            

Last Minutes Defensive
   Center                   Left Wing                Right Wing               Defense                  Defense                  
   Travis Morin             Tim Schaller             Seth Griffith            Anton Volchenkov         Jean-Philippe Cote       

Goaltenders
Starting : Yann Danis               
Backup : Ryan Faragher            

Extra Forwards
Normal : Colin McDonald, Oscar Lindberg, Matt Fraser - PP : Colin McDonald, Matt Fraser - PK : Scott Wilson
Extra Defensemen
Normal : Jean-Philippe Cote, Mathieu Brodeur, Anton Volchenkov - PP : Frank Corrado - PK : Jean-Philippe Cote, Anton Volchenkov
Penalty Shots
Travis Morin, Colin McDonald, Oscar Lindberg, Scott Wilson, Derek Hulak

Griffins

5 vs 5 Forward 
   Center                   Left Wing                Right Wing               Time % Phy DF OF 
 1 Peter Regin              Matt Frattin             Mark Mancari             35     1   2  2  
 2 Zac Rinaldo              Mike Angelidis           William Nylander         30     1   2  2  
 3 Peter Regin              Mark Mancari             John McFarland           22     1   2  2  
 4 Mike Angelidis           Peter Regin              Jared Staal              13     1   2  2  

5 vs 5 Defense 
   Defense                  Defense                                           Time % Phy DF OF 
 1 Matt Taormina            Mark Alt                                          35     1   2  2  
 2 Taylor Aronson           Robert Hagg                                       30     1   2  2  
 3 Scott Valentine          Mike Keenan                                       22     1   2  2  
 4 Mark Alt                 Matt Taormina                                     13     1   2  2  

PowerPlay Forward 
   Center                   Left Wing                Right Wing               Time % Phy DF OF 
 1 Peter Regin              Matt Frattin             Mark Mancari             60     1   2  2  
 2 John McFarland           Mike Angelidis           William Nylander         40     1   2  2  

PowerPlay Defense
   Defense                  Defense                                           Time % Phy DF OF 
 1 Matt Taormina            Mark Alt                                          60     1   2  2  
 2 Taylor Aronson           Robert Hagg                                       40     1   2  2  

Penalty Kill 4 Players Forward 
   Center                   Wing                     Time % Phy DF OF 
 1 Mark Mancari             Peter Regin              60     1   2  2  
 2 Jared Staal              Mike Angelidis           40     1   2  2  

Penalty Kill 4 Players Defense
   Defense                  Defense                  Time % Phy DF OF 
 1 Matt Taormina            Mark Alt                 60     1   2  2  
 2 Taylor Aronson           Robert Hagg              40     1   2  2  

Penalty Kill - 3 Players Forward 
   Forward                                           Time % Phy DF OF 
 1 Mike Angelidis                                    60     1   2  2  
 2 Peter Regin                                       40     1   2  2  

Penalty Kill - 3 Players Defense
   Defense                  Defense                  Time % Phy DF OF 
 1 Matt Taormina            Mark Alt                 60     1   2  2  
 2 Taylor Aronson           Robert Hagg              40     1   2  2  

4 vs 4 Forward 
   Center                   Wing                     Time % Phy DF OF 
 1 Mark Mancari             Peter Regin              60     1   2  2  
 2 Matt Frattin             Mike Angelidis           40     1   2  2  

4 vs 4 Defense
   Defense                  Defense                  Time % Phy DF OF 
 1 Matt Taormina            Mark Alt                 60     1   2  2  
 2 Taylor Aronson           Robert Hagg              40     1   2  2  

Last Minutes Offensive
   Center                   Left Wing                Right Wing               Defense                  Defense                  
   Peter Regin              Matt Frattin             Mark Mancari             Matt Taormina            Mark Alt                 

Last Minutes Defensive
   Center                   Left Wing                Right Wing               Defense                  Defense                  
   Peter Regin              Matt Frattin             Mark Mancari             Matt Taormina            Mark Alt                 

Goaltenders
Starting : Anton Forsberg           
Backup : Peter Budaj              

Extra Forwards
Normal : Peter Regin, John McFarland, Jared Staal - PP : Peter Regin, John McFarland - PK : Jared Staal
Extra Defensemen
Normal : Scott Valentine, Mike Keenan, Mark Alt - PP : Scott Valentine - PK : Mike Keenan, Matt Taormina
Penalty Shots
William Nylander, Peter Regin, John McFarland, Mike Angelidis, Mark Mancari

% Time on Ice - Ice Hogs

Lines # - Real PCT - Wanted PCT - Time Play
Normal Forward
1 - 24% - 30% - 10:21
2 - 24% - 25% - 10:28
3 - 26% - 25% - 11:06
4 - 26% - 20% - 11:13
Normal Defense
1 - 30% - 30% - 13:07
2 - 33% - 30% - 14:08
3 - 32% - 30% - 14:01
4 - 4% - 10% - 1:52
PP Forward
1 - 51% - 50% - 4:01
2 - 49% - 50% - 3:55
PP Defense
1 - 14% - 50% - 1:08
2 - 86% - 50% - 6:48
PK Forward
1 - 49% - 50% - 3:53
2 - 51% - 50% - 4:03
PK Defense
1 - 34% - 50% - 2:44
2 - 66% - 50% - 5:12
PK3 Forward
1 - 0% - 50%
2 - 0% - 50%
PK3 Defense
1 - 0% - 50%
2 - 0% - 50%
44 Forward
1 - 0% - 50%
2 - 0% - 50%
44 Defense
1 - 0% - 50%
2 - 0% - 50%
Last Minute Offensive  - 0:00
Last Minute Defensive  - 1:00
Total
Forward - 60:00
Defense - 60:00

% Time on Ice - Griffins

Lines # - Real PCT - Wanted PCT - Time Play
Normal Forward
1 - 27% - 35% - 11:50
2 - 54% - 30% - 23:22
3 - 13% - 22% - 5:47
4 - 5% - 13% - 2:09
Normal Defense
1 - 30% - 35% - 13:04
2 - 30% - 30% - 13:09
3 - 39% - 22% - 16:49
4 - 0% - 13% - 0:06
PP Forward
1 - 57% - 60% - 4:30
2 - 43% - 40% - 3:26
PP Defense
1 - 58% - 60% - 4:38
2 - 42% - 40% - 3:18
PK Forward
1 - 76% - 60% - 6:01
2 - 24% - 40% - 1:55
PK Defense
1 - 70% - 60% - 5:33
2 - 30% - 40% - 2:23
PK3 Forward
1 - 0% - 60%
2 - 0% - 40%
PK3 Defense
1 - 0% - 60%
2 - 0% - 40%
44 Forward
1 - 0% - 60%
2 - 0% - 40%
44 Defense
1 - 0% - 60%
2 - 0% - 40%
Last Minute Offensive  - 1:00
Last Minute Defensive  - 0:00
Total
Forward - 60:00
Defense - 60:00

Play by Play

1st period


0:01 of 1st period - Peter Regin wins face-off versus Tim Schaller in neutral zone.
1:11 of 1st period - Slapshot by Alexey Marchenko.
1:11 of 1st period - Shot Misses the Net.
1:34 of 1st period - John McFarland is hit by Oscar Lindberg and loses puck.
1:39 of 1st period - Slapshot by Alexey Marchenko.
1:39 of 1st period - Shot Blocked by Taylor Aronson.
1:41 of 1st period - Snap shot by Will Acton.
1:41 of 1st period - Stopped by Anton Forsberg with a rebound.
1:49 of 1st period - Slapshot by Oscar Lindberg.
1:49 of 1st period - Stopped by Anton Forsberg with a rebound.
1:51 of 1st period - Slapshot by Oscar Lindberg.
1:51 of 1st period - Stopped by Anton Forsberg with a rebound.
1:55 of 1st period - Slapshot by Oscar Lindberg.
1:55 of 1st period - Shot Misses the Net.
1:57 of 1st period - Slapshot by Mathieu Brodeur.
1:57 of 1st period - Stopped by Anton Forsberg with a rebound.
1:59 of 1st period - Slapshot by Viktor Svedberg.
1:59 of 1st period - Stopped by Anton Forsberg without a rebound.
2:00 of 1st period - Mike Angelidis wins face-off versus T.J. Tynan in Griffins zone.
2:11 of 1st period - Backhand shot by Derek Hulak.
2:11 of 1st period - Deflect By Ryan Haggerty.
2:11 of 1st period - Stopped by Anton Forsberg without a rebound.
2:12 of 1st period - Mike Angelidis wins face-off versus T.J. Tynan in Griffins zone.
2:17 of 1st period - Slapshot by Scott Valentine.
2:17 of 1st period - Shot Misses the Net.
3:13 of 1st period - William Nylander is hit by Petr Straka and loses puck.
3:33 of 1st period - Minor Penalty to Peter Regin for Hooking.
3:34 of 1st period - Tim Schaller wins face-off versus Mark Mancari in Griffins zone.
5:33 of 1st period - Penalty to Peter Regin is over, Peter Regin is back on ice.
5:33 of 1st period - Robert Hagg is hit by Colin McDonald and loses puck.
5:56 of 1st period - Snap shot by T.J. Tynan.
5:56 of 1st period - Shot Blocked by Robert Hagg.
5:58 of 1st period - Snap shot by T.J. Tynan.
5:58 of 1st period - Shot Misses the Net.
6:00 of 1st period - Wrist shot by Ryan Haggerty.
6:00 of 1st period - Stopped by Anton Forsberg with a rebound.
6:16 of 1st period - Wrist shot by T.J. Tynan.
6:16 of 1st period - Shot Misses the Net.
6:58 of 1st period - Snap shot by Oscar Lindberg.
6:58 of 1st period - Deflect By Will Acton.
6:58 of 1st period - Shot Misses the Net.
6:58 of 1st period - Puck is out of play.
6:59 of 1st period - Tim Schaller wins face-off versus Zac Rinaldo in Griffins zone.
7:08 of 1st period - Frank Corrado is hit by William Nylander and loses puck.
7:24 of 1st period - Icing by Frank Corrado.
7:25 of 1st period - Peter Regin wins face-off versus Tim Schaller in Ice Hogs zone.
7:28 of 1st period - Wrist shot by John McFarland.
7:28 of 1st period - Stopped by Yann Danis with a rebound.
7:30 of 1st period - Slapshot by Robert Hagg.
7:30 of 1st period - Stopped by Yann Danis with a rebound.
7:32 of 1st period - Snap shot by Mark Mancari.
7:32 of 1st period - Stopped by Yann Danis with a rebound.
7:34 of 1st period - Wrist shot by Taylor Aronson.
7:34 of 1st period - Shot Misses the Net.
8:00 of 1st period - Jean-Philippe Cote is hit by Zac Rinaldo and loses puck.
9:05 of 1st period - Snap shot by Oscar Lindberg.
9:05 of 1st period - Shot Misses the Net.
9:07 of 1st period - Slapshot by Petr Straka.
9:07 of 1st period - Shot Misses the Net.
9:09 of 1st period - Slapshot by Viktor Svedberg.
9:09 of 1st period - Shot Blocked by Zac Rinaldo.
9:09 of 1st period - Zac Rinaldo from Griffins is injured at 9:09 of 1st period (Broken Right Index Finger).
9:10 of 1st period - Peter Regin wins face-off versus Tim Schaller in Griffins zone.
9:27 of 1st period - Wrist shot by Matt Fraser.
9:27 of 1st period - Stopped by Anton Forsberg with a rebound.
9:29 of 1st period - Slapshot by Matt Fraser.
9:29 of 1st period - Deflect By Mark Mancari.
9:29 of 1st period - Shot Hit the Post.
9:29 of 1st period - Puck is out of play.
9:30 of 1st period - Peter Regin wins face-off versus Tim Schaller in Griffins zone.
9:35 of 1st period - Tim Schaller is hit by Mark Alt.
9:47 of 1st period - Snap shot by Seth Griffith.
9:47 of 1st period - Stopped by Anton Forsberg without a rebound.
9:48 of 1st period - Peter Regin wins face-off versus Travis Morin in Griffins zone.
9:55 of 1st period - Snap shot by Mike Angelidis.
9:55 of 1st period - Shot Blocked by Frank Corrado.
10:40 of 1st period - Taylor Aronson is hit by Will Acton and loses puck.
10:57 of 1st period - William Nylander is hit by Will Acton and loses puck.
11:12 of 1st period - Minor Penalty to Mike Angelidis for Roughing.
11:13 of 1st period - Mark Mancari wins face-off versus Tim Schaller in Griffins zone.
11:22 of 1st period - Slapshot by Alexey Marchenko.
11:22 of 1st period - Shot Blocked by Matt Taormina.
11:36 of 1st period - Slapshot by Alexey Marchenko.
11:36 of 1st period - Deflect By Mark Mancari.
11:36 of 1st period - Stopped by Anton Forsberg with a rebound.
11:38 of 1st period - Slapshot by Alexey Marchenko.
11:38 of 1st period - Stopped by Anton Forsberg with a rebound.
12:21 of 1st period - Wrist shot by Travis Morin.
12:21 of 1st period - Shot Blocked by Matt Taormina.
12:39 of 1st period - Mark Alt is hit by Jean-Philippe Cote and loses puck.
12:50 of 1st period - Alexey Marchenko is hit by Mark Mancari and loses puck.
13:01 of 1st period - Mark Mancari is hit by Tim Schaller and loses puck.
13:12 of 1st period - Penalty to Mike Angelidis is over, Mike Angelidis is back on ice.
13:41 of 1st period - John McFarland beats up Viktor Svedberg.
13:41 of 1st period - Penalty to John McFarland for Fighting.
13:41 of 1st period - Penalty to Viktor Svedberg for Fighting.
13:41 of 1st period - Penalty to Viktor Svedberg for instigated a fight.
13:41 of 1st period - Penalty to Viktor Svedberg for instigated a fight.
13:42 of 1st period - Peter Regin wins face-off versus Tim Schaller in Griffins zone.
15:32 of 1st period - Jean-Philippe Cote is hit by Matt Taormina and loses puck.
15:41 of 1st period - Penalty to Viktor Svedberg is over, Scott Wilson is send on ice.
16:13 of 1st period - Jared Staal is hit by T.J. Tynan and loses puck.
17:21 of 1st period - Tim Schaller is hit by Adam Payerl.
17:35 of 1st period - Slapshot by Robert Hagg.
17:35 of 1st period - Stopped by Yann Danis without a rebound.
17:36 of 1st period - Jared Staal wins face-off versus Travis Morin in Ice Hogs zone.
17:59 of 1st period - Scott Valentine is hit by Mathieu Brodeur and loses puck.
18:08 of 1st period - Slapshot by Alexey Marchenko.
18:08 of 1st period - Stopped by Anton Forsberg with a rebound.
18:12 of 1st period - Snap shot by Ryan Haggerty.
18:12 of 1st period - Shot Misses the Net.
18:46 of 1st period - Wrist shot by Frank Corrado.
18:46 of 1st period - Shot Blocked by William Nylander.
18:50 of 1st period - Snap shot by Petr Straka.
18:50 of 1st period - Stopped by Anton Forsberg without a rebound.
18:51 of 1st period - Tim Schaller wins face-off versus Peter Regin in Griffins zone.
18:54 of 1st period - Slapshot by Matt Fraser.
18:54 of 1st period - Shot Misses the Net.
19:20 of 1st period - Wrist shot by John McFarland.
19:20 of 1st period - Stopped by Yann Danis without a rebound.
19:21 of 1st period - John McFarland wins face-off versus T.J. Tynan in Ice Hogs zone.
19:33 of 1st period - Off-side.
19:34 of 1st period - T.J. Tynan wins face-off versus John McFarland in neutral zone.
19:47 of 1st period - Slapshot by Derek Hulak.
19:47 of 1st period - Shot Blocked by Taylor Aronson.
19:49 of 1st period - Slapshot by Frank Corrado.
19:49 of 1st period - Stopped by Anton Forsberg with a rebound.
19:51 of 1st period - Snap shot by Derek Hulak.
19:51 of 1st period - Shot Misses the Net.
Goals for this period are 0 for Ice Hogs vs 0 for Griffins.
Shots for this period are 14 for Ice Hogs vs 5 for Griffins.

2nd period


0:01 of 2nd period - Peter Regin wins face-off versus Tim Schaller in neutral zone.
0:04 of 2nd period - Snap shot by Matt Frattin.
0:04 of 2nd period - Stopped by Yann Danis without a rebound.
0:05 of 2nd period - Tim Schaller wins face-off versus Matt Frattin in Ice Hogs zone.
0:23 of 2nd period - Mark Mancari beats up Jean-Philippe Cote.
0:23 of 2nd period - Penalty to Mark Mancari for Fighting.
0:23 of 2nd period - Penalty to Jean-Philippe Cote for Fighting.
0:23 of 2nd period - Penalty to Jean-Philippe Cote for instigated a fight.
0:23 of 2nd period - Penalty to Jean-Philippe Cote for instigated a fight.
0:24 of 2nd period - Peter Regin wins face-off versus Tim Schaller in Griffins zone.
0:51 of 2nd period - Snap shot by Peter Regin.
0:51 of 2nd period - Shot Misses the Net.
2:13 of 2nd period - Seth Griffith is hit by Peter Regin and loses puck.
2:23 of 2nd period - Penalty to Jean-Philippe Cote is over, Scott Wilson is send on ice.
2:34 of 2nd period - Snap shot by Mike Angelidis.
2:34 of 2nd period - Stopped by Yann Danis with a rebound.
3:18 of 2nd period - Jared Staal is hit by Ryan Haggerty.
3:32 of 2nd period - Alexey Marchenko is hit by Mike Angelidis.
4:08 of 2nd period - Seth Griffith is hit by Corey Trivino and loses puck.
4:29 of 2nd period - Wrist shot by Oscar Lindberg.
4:29 of 2nd period - Stopped by Anton Forsberg with a rebound.
4:31 of 2nd period - Wrist shot by Oscar Lindberg.
4:31 of 2nd period - Stopped by Anton Forsberg without a rebound.
4:32 of 2nd period - Peter Regin wins face-off versus Oscar Lindberg in Griffins zone.
5:14 of 2nd period - Off-side.
5:15 of 2nd period - Peter Regin wins face-off versus T.J. Tynan in neutral zone.
5:43 of 2nd period - Mathieu Brodeur is hit by Matt Frattin and loses puck.
6:29 of 2nd period - Adam Payerl is hit by Matt Fraser and loses puck.
6:54 of 2nd period - Snap shot by Colin McDonald.
6:54 of 2nd period - Goal by Colin McDonald - Ice Hogs : 1 - Griffins : 0.
6:55 of 2nd period - Oscar Lindberg wins face-off versus Matt Frattin in neutral zone.
7:02 of 2nd period - Slapshot by Alexey Marchenko.
7:02 of 2nd period - Shot Blocked by Matt Frattin.
7:04 of 2nd period - Wrist shot by Petr Straka.
7:04 of 2nd period - Shot Misses the Net.
7:06 of 2nd period - Slapshot by Anton Volchenkov.
7:06 of 2nd period - Shot Misses the Net.
7:14 of 2nd period - Slapshot by Alexey Marchenko.
7:14 of 2nd period - Stopped by Anton Forsberg with a rebound.
7:22 of 2nd period - Snap shot by Petr Straka.
7:22 of 2nd period - Shot Misses the Net.
7:24 of 2nd period - Minor Penalty to Matt Frattin for Holding.
7:25 of 2nd period - Scott Wilson wins face-off versus Mark Mancari in Griffins zone.
8:41 of 2nd period - 10 Minutes Misconduct Penalty to Viktor Svedberg is over.
8:56 of 2nd period - Robert Hagg is hit by Frank Corrado and loses puck.
9:03 of 2nd period - Slapshot by Alexey Marchenko.
9:03 of 2nd period - Shot Blocked by Taylor Aronson.
9:21 of 2nd period - Wrist shot by Seth Griffith.
9:21 of 2nd period - Deflect By Tim Schaller.
9:21 of 2nd period - Shot Misses the Net.
9:21 of 2nd period - Puck is out of play.
9:22 of 2nd period - Matt Fraser wins face-off versus Jared Staal in Griffins zone.
9:24 of 2nd period - Penalty to Matt Frattin is over, Matt Frattin is back on ice.
10:07 of 2nd period - Mike Angelidis is hit by Will Acton and loses puck.
10:28 of 2nd period - Anton Volchenkov is hit by John McFarland and loses puck.
10:37 of 2nd period - John McFarland is hit by T.J. Tynan and loses puck.
10:51 of 2nd period - Minor Penalty to Mike Angelidis for Diving.
10:52 of 2nd period - Mark Mancari wins face-off versus Travis Morin in Griffins zone.
11:36 of 2nd period - Taylor Aronson is hit by Tim Schaller and loses puck.
12:03 of 2nd period - Robert Hagg is hit by Viktor Svedberg and loses puck.
12:34 of 2nd period - Snap shot by Jared Staal.
12:34 of 2nd period - Stopped by Yann Danis without a rebound.
12:35 of 2nd period - Tim Schaller wins face-off versus Jared Staal in Ice Hogs zone.
12:51 of 2nd period - Penalty to Mike Angelidis is over, Mike Angelidis is back on ice.
13:24 of 2nd period - Mike Angelidis is hit by Petr Straka and loses puck.
13:49 of 2nd period - Wrist shot by Derek Hulak.
13:49 of 2nd period - Deflect By T.J. Tynan.
13:49 of 2nd period - Shot Misses the Net.
13:49 of 2nd period - Puck is out of play.
13:50 of 2nd period - T.J. Tynan wins face-off versus Peter Regin in Griffins zone.
13:53 of 2nd period - Snap shot by T.J. Tynan.
13:53 of 2nd period - Stopped by Anton Forsberg with a rebound.
13:59 of 2nd period - Slapshot by Alexey Marchenko.
13:59 of 2nd period - Shot Hit the Post.
14:01 of 2nd period - Backhand shot by Alexey Marchenko.
14:01 of 2nd period - Stopped by Anton Forsberg with a rebound.
14:03 of 2nd period - Slapshot by Viktor Svedberg.
14:03 of 2nd period - Stopped by Anton Forsberg without a rebound.
14:04 of 2nd period - Peter Regin wins face-off versus Colin McDonald in Griffins zone.
14:21 of 2nd period - Slapshot by Mike Angelidis.
14:21 of 2nd period - Shot Blocked by Colin McDonald.
14:23 of 2nd period - Slapshot by William Nylander.
14:23 of 2nd period - Stopped by Yann Danis without a rebound.
14:24 of 2nd period - John McFarland wins face-off versus Travis Morin in Ice Hogs zone.
14:25 of 2nd period - Slapshot by William Nylander.
14:25 of 2nd period - Shot Misses the Net.
14:48 of 2nd period - Taylor Aronson is hit by Colin McDonald and loses puck.
15:09 of 2nd period - Minor Penalty to Seth Griffith for Hooking.
15:10 of 2nd period - Tim Schaller wins face-off versus Peter Regin in Ice Hogs zone.
15:23 of 2nd period - 10 Minutes Misconduct Penalty to Jean-Philippe Cote is over.
17:09 of 2nd period - Penalty to Seth Griffith is over, Seth Griffith is back on ice.
17:15 of 2nd period - Mark Alt is hit by Derek Hulak and loses puck.
18:36 of 2nd period - Off-side.
18:37 of 2nd period - Matt Frattin wins face-off versus Oscar Lindberg in neutral zone.
19:10 of 2nd period - John McFarland is hit by Viktor Svedberg and loses puck.
19:38 of 2nd period - Icing by Mathieu Brodeur.
19:39 of 2nd period - Oscar Lindberg wins face-off versus Corey Trivino in Ice Hogs zone.
Goals for this period are 1 for Ice Hogs vs 0 for Griffins.
Shots for this period are 7 for Ice Hogs vs 4 for Griffins.

3rd period


0:01 of 3rd period - Peter Regin wins face-off versus Tim Schaller in neutral zone.
0:50 of 3rd period - Mike Angelidis is hit by Colin McDonald and loses puck.
1:17 of 3rd period - Jean-Philippe Cote is hit by Mike Angelidis and loses puck.
1:32 of 3rd period - Snap shot by Mike Angelidis.
1:32 of 3rd period - Deflect By Peter Regin.
1:32 of 3rd period - Deflect By Oscar Lindberg.
1:32 of 3rd period - Shot Misses the Net.
1:32 of 3rd period - Puck is out of play.
1:33 of 3rd period - Oscar Lindberg wins face-off versus Mike Angelidis in Ice Hogs zone.
2:35 of 3rd period - Ryan Haggerty is hit by Scott Valentine and loses puck.
3:31 of 3rd period - Icing by Tim Schaller.
3:32 of 3rd period - John McFarland wins face-off versus Matt Fraser in Ice Hogs zone.
3:45 of 3rd period - Anton Volchenkov is hit by Jared Staal and loses puck.
4:00 of 3rd period - Icing by Alexey Marchenko.
4:01 of 3rd period - Travis Morin wins face-off versus Peter Regin in Ice Hogs zone.
4:06 of 3rd period - Slapshot by Mark Mancari.
4:06 of 3rd period - Shot Misses the Net.
4:08 of 3rd period - Wrist shot by Mark Mancari.
4:08 of 3rd period - Stopped by Yann Danis with a rebound.
4:10 of 3rd period - Snap shot by Scott Valentine.
4:10 of 3rd period - Shot Blocked by Jean-Philippe Cote.
5:05 of 3rd period - Travis Morin is hit by Mike Keenan and loses puck.
5:17 of 3rd period - Slapshot by Jared Staal.
5:17 of 3rd period - Stopped by Yann Danis with a rebound.
6:38 of 3rd period - Snap shot by Matt Frattin.
6:38 of 3rd period - Stopped by Yann Danis with a rebound.
7:02 of 3rd period - Viktor Svedberg is hit by Ben Eager and loses puck.
7:29 of 3rd period - Slapshot by Taylor Aronson.
7:29 of 3rd period - Deflect By Corey Trivino.
7:29 of 3rd period - Shot Misses the Net.
7:29 of 3rd period - Puck is out of play.
7:30 of 3rd period - Jared Staal wins face-off versus Oscar Lindberg in Ice Hogs zone.
8:15 of 3rd period - Seth Griffith is hit by Mike Keenan and loses puck.
8:20 of 3rd period - Slapshot by Mike Angelidis.
8:20 of 3rd period - Deflect By William Nylander.
8:20 of 3rd period - Shot Blocked by Seth Griffith.
8:20 of 3rd period - Puck is out of play.
8:21 of 3rd period - Tim Schaller wins face-off versus John McFarland in Ice Hogs zone.
8:25 of 3rd period - Off-side.
8:26 of 3rd period - John McFarland wins face-off versus Tim Schaller in neutral zone.
8:57 of 3rd period - Snap shot by Derek Hulak.
8:57 of 3rd period - Stopped by Anton Forsberg with a rebound.
9:39 of 3rd period - Travis Morin is hit by Scott Valentine.
9:43 of 3rd period - Wrist shot by John McFarland.
9:43 of 3rd period - Stopped by Yann Danis without a rebound.
9:44 of 3rd period - Travis Morin wins face-off versus Peter Regin in Ice Hogs zone.
9:57 of 3rd period - Minor Penalty to Scott Wilson for Hooking.
9:58 of 3rd period - Travis Morin wins face-off versus Peter Regin in Ice Hogs zone.
10:06 of 3rd period - Slapshot by Peter Regin.
10:06 of 3rd period - Stopped by Yann Danis with a rebound.
10:08 of 3rd period - Snap shot by Mark Mancari.
10:08 of 3rd period - Stopped by Yann Danis without a rebound.
10:09 of 3rd period - Peter Regin wins face-off versus Travis Morin in Ice Hogs zone.
10:26 of 3rd period - Snap shot by William Nylander.
10:26 of 3rd period - Deflect By Travis Morin.
10:26 of 3rd period - Shot Misses the Net.
10:26 of 3rd period - Puck is out of play.
10:27 of 3rd period - John McFarland wins face-off versus Tim Schaller in Ice Hogs zone.
10:38 of 3rd period - Snap shot by Mike Angelidis.
10:38 of 3rd period - Stopped by Yann Danis with a rebound.
11:39 of 3rd period - Off-side.
11:40 of 3rd period - Tim Schaller wins face-off versus Peter Regin in neutral zone.
11:57 of 3rd period - Penalty to Scott Wilson is over, Scott Wilson is back on ice.
13:02 of 3rd period - William Nylander is hit by Seth Griffith and loses puck.
13:03 of 3rd period - William Nylander from Griffins is injured at 13:03 of 3rd period (Back Spasms).
13:04 of 3rd period - Tim Schaller wins face-off versus Peter Regin in Griffins zone.
13:16 of 3rd period - Frank Corrado is hit by Mark Alt and loses puck.
13:29 of 3rd period - Slapshot by Matt Frattin.
13:29 of 3rd period - Shot Misses the Net.
14:42 of 3rd period - Off-side.
14:43 of 3rd period - Oscar Lindberg wins face-off versus Peter Regin in neutral zone.
16:53 of 3rd period - Icing by Travis Morin.
16:54 of 3rd period - Travis Morin wins face-off versus Peter Regin in Ice Hogs zone.
17:29 of 3rd period - Viktor Svedberg is hit by Jared Staal and loses puck.
17:52 of 3rd period - Mike Keenan is hit by Mathieu Brodeur and loses puck.
18:11 of 3rd period - Wrist shot by Oscar Lindberg.
18:11 of 3rd period - Shot Misses the Net.
18:13 of 3rd period - Slapshot by Anton Volchenkov.
18:13 of 3rd period - Shot Misses the Net.
18:52 of 3rd period - Wrist shot by Derek Hulak.
18:52 of 3rd period - Stopped by Anton Forsberg with a rebound.
18:54 of 3rd period - Slapshot by Jean-Philippe Cote.
18:54 of 3rd period - Shot Misses the Net.
18:56 of 3rd period - Wrist shot by Alexey Marchenko.
18:56 of 3rd period - Shot Misses the Net.
18:59 of 3rd period - Matt Frattin and Jean-Philippe Cote fight to a draw.
18:59 of 3rd period - Penalty to Matt Frattin for Fighting.
18:59 of 3rd period - Penalty to Jean-Philippe Cote for Fighting.
19:00 of 3rd period - Peter Regin wins face-off versus Travis Morin in Griffins zone.
19:11 of 3rd period - Griffins, Anton Forsberg is pulled from the net.
19:11 of 3rd period - Snap shot by Mark Mancari.
19:11 of 3rd period - Stopped by Yann Danis without a rebound.
19:12 of 3rd period - Bryan Helmer call a timeout for Griffins.
19:12 of 3rd period - Travis Morin wins face-off versus Mark Mancari in Ice Hogs zone.
19:43 of 3rd period - Slapshot by Peter Regin.
19:43 of 3rd period - Shot Blocked by Mathieu Brodeur.
19:45 of 3rd period - Slapshot by John McFarland.
19:45 of 3rd period - Shot Misses the Net.
19:47 of 3rd period - Wrist shot by Mark Alt.
19:47 of 3rd period - Stopped by Yann Danis with a rebound.
Goals for this period are 0 for Ice Hogs vs 0 for Griffins.
Shots for this period are 2 for Ice Hogs vs 9 for Griffins.